 Dungeon Crawl Stone Soup version 0.20.1-1-g8b1a95d (webtiles) character file.

40 Nidhoragg the Skirmisher (level 3, -8/24 HPs)
             Began as a Gargoyle Berserker on July 31, 2017.
             Was a Follower of Trog.
             Mangled by Sigmund
             ... wielding a +0 scythe
              (9 damage)
             ... on level 2 of the Dungeon.
             The game lasted 00:10:40 (939 turns).

Nidhoragg the Skirmisher (Gargoyle Berserker)        Turns: 939, Time: 00:10:41

Health: -8/24      AC:  5    Str: 21    XL:     3   Next: 50%
Magic:  3/3        EV: 12    Int:  7    God:    Trog [*.....]
Gold:   63         SH:  0    Dex:  9    Spells: 2/2 levels left

rFire    . . .     SeeInvis .   a - +0 spear
rCold    . . .     Gourm    .   (no shield)
rNeg     + . .     Faith    .   b - +0 animal skin
rPois    ∞         Spirit   .   (no helmet)
rElec    +         Reflect  .   (no cloak)
rCorr    .         Harm     .   (no gloves)
MR       .....                  (no boots)
Stlth    +.........             (no amulet)
Regen    0.1/turn               (no ring)
MPRegen  0.1/turn               (no ring)

@: no status effects
A: negative energy resistance 1, electricity resistance, unbreathing,
petrification resistance, rot immunity, AC +3
a: Berserk, Burn Spellbooks, Renounce Religion


You were on level 2 of the Dungeon.
You worshipped Trog.
Trog was aware of your devotion.
You were hungry.

You visited 1 branch of the dungeon, and saw 2 of its levels.

You collected 63 gold pieces.

Inventory:

Hand Weapons
 a - a +0 spear (weapon)
Missiles
 f - 24 poisoned needles (quivered)
Armour
 b - a +0 animal skin (worn)
Scrolls
 e - a scroll of random uselessness {unknown}
 g - a scroll of recharging {unknown}
 h - 2 scrolls of fog {unknown}
 i - 2 scrolls of teleportation {unknown}
 j - 3 scrolls of magic mapping {unknown}
 l - a scroll of enchant weapon {unknown}
 m - a scroll of immolation {unknown}
Comestibles
 c - 2 bread rations
 d - a meat ration
 k - a royal jelly


   Skills:
 + Level 3.8 Fighting
 + Level 3.2 Polearms
 + Level 2.6 Armour
 + Level 1.8 Dodging


You had 2 spell levels left.
You didn't know any spells.

Dungeon Overview and Level Annotations

Branches:
Dungeon (2/15)

Altars:

Annotations:
D:2 Sigmund


Innate Abilities, Weirdness & Mutations

You are resistant to torment.
Your stone body is resilient. (AC +3)
You are immune to poison.
You resist negative energy. (rN+)
You are resistant to electric shocks. (rElec)
You can survive without breathing.
You are immune to petrification.
You are immune to rotting.


Message History

* * * LOW HITPOINT WARNING * * *
Unknown command.
You closely miss something. Something hits you but does no damage.
You hit something.
Your skin stops crawling.
You feel less resistant to hostile enchantments.
Okay, then.
Okay, then.
You miss something.
You hear some strange, mumbled words.
Something tries to affect you, but you resist.
You miss something. Something hits you but does no damage.
You closely miss something. Something hits you.
* * * LOW HITPOINT WARNING * * *
Unknown command.
You miss something. You barely miss something.
Something hits you but does no damage.
You hit something but do no damage. You miss something. Something hits you!
You die...

... ... ## #.##. ##.....
# #....#### ......
#.#...#...## #....#
..#..........####....##.
#......?................
......{@(......# #...#.#
.##...........## #......
##..........####......
#).......#)##........
#..##..####....#...###
#.# ##.. #....#..### ...
#.. #.#..†...# #.
#...............
#...###......###


There were no monsters in sight!

Vanquished Creatures
  An adder (D:2)
  A dart slug (D:1)
  3 leopard geckos
  4 giant cockroaches (D:1)
  A goblin (D:1)
  3 hobgoblins
  A kobold (D:1)
  5 bats (D:1)
  3 frilled lizards
  5 rats (D:1)
27 creatures vanquished.

Notes
Turn   | Place    | Note
-------+----------+-------------------------------------------
     0 | D:1      | Nidhoragg the Gargoyle Berserker began the quest for the Orb.
     0 | D:1      | Reached XP level 1. HP: 14/14 MP: 1/1
    65 | D:1      | Reached XP level 2. HP: 10/19 MP: 2/2
   585 | D:1      | Reached XP level 3. HP: 24/24 MP: 3/3
   914 | D:2      | Reached ** piety under Trog
   918 | D:2      | Noticed Sigmund
   935 | D:2      | HP: 1/24 [something (5)]
   939 | D:2      | Mangled by Sigmund

Skill      XL: |  1  2 |
---------------+-------+-----
Polearms       | 3 |  3.2
Fighting       | |  3.8
Armour         | |  2.6
Dodging        | |  1.8

Action                   || total
-------------------------++-------
Melee: Spear             ||   113
Invok: Trog's Hand       ||     1
Armor: Animal skin       ||    32
Dodge: Dodged            ||    76
